NCAA
WASHINGTON HUSKIES @ WASHINGTON STATE COUGARS
05/14/2027
 
TOP OF THE 1ST
Washington Huskies batting - Pitching for Washington State Cougars : LHP Andy O'Toole
Pitching: LHP Andy O'Toole
Batting: RHB Jeff O'Toole 0-0: Ball
1-0: Ball
2-0: Ball
3-0: Called Strike
3-1: Reached on error, E6 (Groundball, 6)
Batting: RHB Ben Johnson 0-0: Ball
1-0: Called Strike
1-1: Ball
2-1: Foul Ball, location: 2F
2-2: Foul Ball, location: 2F
2-2: Strikes out looking
Batting: RHB Carlos Sousa 0-0: Ground out U3 (Groundball, 34)
Jeff O'Toole to third
Batting: RHB Jack Dean 0-0: Called Strike
0-1: Ground out 5-3 (Groundball, 25)
Top of the 1st over - 0 run(s), 0 hit(s), 1 error(s), 1 left on base; Washington 0 - Washington State 0
BOTTOM OF THE 1ST
Washington State Cougars batting - Pitching for Washington Huskies : RHP Dave Woods
Pitching: RHP Dave Woods
Batting: RHB Montego Martínez 0-0: Ball
1-0: Called Strike
1-1: Ball
2-1: Foul Ball, location: 2F
2-2: Foul Ball, location: 2F
2-2: Foul Ball, location: 2F
2-2: Ball
3-2: Foul Ball, location: 2F
3-2: Ground out 5-3 (Groundball, 56S)
Batting: RHB Ismael Rodríguez 0-0: SINGLE (Groundball, 6MD)
Batting: LHB Conan Bush 0-0: Ball
Pickoff Throw to First - Out!
1-0: SINGLE (Groundball, 3D)
Batting: RHB Jesús Domínguez 0-0: Ball
1-0: Ball
2-0: Called Strike
2-1: Ground out 1-3 (Groundball, 13)
Bottom of the 1st over - 0 run(s), 2 hit(s), 0 error(s), 1 left on base; Washington 0 - Washington State 0
TOP OF THE 2ND
Washington Huskies batting - Pitching for Washington State Cougars : LHP Andy O'Toole
Batting: SHB José Ruíz 0-0: Ball
1-0: Called Strike
1-1: Ball
2-1: Ball
3-1: Base on Balls
Batting: RHB Samuel Robbins 0-0: Called Strike
0-1: Called Strike
0-2: Strikes out looking
Batting: RHB Jeff Shephard 0-0: Ball
Wild Pitch!
José Ruíz to second
1-0: Foul Ball, location: 2F
1-1: Foul Ball, location: 2F
1-2: Strikes out swinging
Batting: RHB Erik Carbajal 0-0: Foul Ball, location: 2F
0-1: Called Strike
0-2: Strikes out swinging
Top of the 2nd over - 0 run(s), 0 hit(s), 0 error(s), 1 left on base; Washington 0 - Washington State 0
BOTTOM OF THE 2ND
Washington State Cougars batting - Pitching for Washington Huskies : RHP Dave Woods
Batting: LHB Andrew Lockhart 0-0: Called Strike
0-1: Ball
1-1: SINGLE (Groundball, 5D)
Batting: RHB John Hall 0-0: Ball
1-0: Ball
2-0: SINGLE (Groundball, 6MD)
Andrew Lockhart to second
Runner from 2nd tries for 3rd, SAFE, no throw
Batting: RHB Juan Flores 0-0: Swinging Strike
0-1: SINGLE (Groundball, 34D)
Andrew Lockhart scores
John Hall to second
Runner from 2nd tries for 3rd, SAFE, throw made to third
Batting: SHB Hunter Bond 0-0: Ball
1-0: Ball
2-0: Foul Ball, location: 2F
2-1: Foul Ball, location: 2F
2-2: Strikes out swinging
Batting: RHB Nick Bailey 0-0: Swinging Strike
0-1: Swinging Strike
0-2: Strikes out swinging
Batting: RHB Montego Martínez 0-0: Called Strike
0-1: Fielders Choice at 2nd, 6-4 (Groundball, 6)
Bottom of the 2nd over - 1 run(s), 3 hit(s), 0 error(s), 1 left on base; Washington 0 - Washington State 1
TOP OF THE 3RD
Washington Huskies batting - Pitching for Washington State Cougars : LHP Andy O'Toole
Batting: RHB Tomás Fernández 0-0: Called Strike
0-1: Ball
1-1: Swinging Strike
1-2: Ball
2-2: Foul Ball, location: 2F
2-2: Ball
3-2: Strikes out swinging
Batting: RHB Jeff O'Toole 0-0: Foul Ball, location: 2F
0-1: Swinging Strike
0-2: Strikes out swinging
Batting: RHB Ben Johnson 0-0: Called Strike
0-1: Called Strike
0-2: Ball
1-2: Ball
2-2: Strikes out swinging
Top of the 3rd over - 0 run(s), 0 hit(s), 0 error(s), 0 left on base; Washington 0 - Washington State 1
BOTTOM OF THE 3RD
Washington State Cougars batting - Pitching for Washington Huskies : RHP Dave Woods
Batting: RHB Ismael Rodríguez 0-0: Ball
1-0: Ball
2-0: Called Strike
2-1: Bunt for hit - play at first, batter OUT! 1-3
Batting: LHB Conan Bush 0-0: Ball
1-0: Called Strike
1-1: Fly out, F9 (Line Drive, 9LM)
Batting: RHB Jesús Domínguez 0-0: Called Strike
0-1: Called Strike
0-2: Ground out 3-1 (Groundball, 34)
Bottom of the 3rd over - 0 run(s), 0 hit(s), 0 error(s), 0 left on base; Washington 0 - Washington State 1
TOP OF THE 4TH
Washington Huskies batting - Pitching for Washington State Cougars : LHP Andy O'Toole
Batting: RHB Carlos Sousa 0-0: Ball
1-0: Fly out, F5 (Popup, 56)
Batting: RHB Jack Dean 0-0: Ball
1-0: Swinging Strike
1-1: Foul Ball, location: 2F
1-2: Ball
2-2: Ball
3-2: Ground out 5-3 (Groundball, 56)
Batting: SHB José Ruíz 0-0: Ball
1-0: Called Strike
1-1: Ball
2-1: Foul Ball, location: 2F
2-2: Ball
3-2: SINGLE (Groundball, 6MD)
Batting: RHB Samuel Robbins 0-0: Ball
José Ruíz steals 2nd base
1-0: Ball
2-0: Ground out 6-3 (Groundball, 6)
Top of the 4th over - 0 run(s), 1 hit(s), 0 error(s), 1 left on base; Washington 0 - Washington State 1
BOTTOM OF THE 4TH
Washington State Cougars batting - Pitching for Washington Huskies : RHP Dave Woods
Batting: LHB Andrew Lockhart 0-0: Ball
1-0: Ball
2-0: Called Strike
2-1: Fly out, F7 (Flyball, 7)
Batting: RHB John Hall 0-0: Foul Ball, location: 2F
0-1: Fly out, F7 (Flyball, 78S)
Batting: RHB Juan Flores 0-0: Ball
1-0: Foul Ball, location: 2F
1-1: Ball
2-1: Foul Ball, location: 2F
2-2: SINGLE (Groundball, 56D)
Batting: SHB Hunter Bond 0-0: Foul Ball, location: 2F
0-1: Ball
1-1: Ball
2-1: Fielders Choice at 2nd, 4-6 (Groundball, 34)
Bottom of the 4th over - 0 run(s), 1 hit(s), 0 error(s), 0 left on base; Washington 0 - Washington State 1
TOP OF THE 5TH
Washington Huskies batting - Pitching for Washington State Cougars : LHP Andy O'Toole
Batting: RHB Jeff Shephard 0-0: Called Strike
0-1: Ball
1-1: Hit by Pitch
Batting: RHB Erik Carbajal 0-0: Called Strike
0-1: Swinging Strike
0-2: Ball
Wild Pitch!
Jeff Shephard to second
1-2: Strikes out swinging
Batting: RHB Tomás Fernández 0-0: Ball
1-0: Called Strike
1-1: Ball
2-1: Fly out, F4 (Popup, 4M)
Batting: RHB Jeff O'Toole 0-0: Swinging Strike
0-1: Called Strike
0-2: Ball
1-2: Strikes out swinging
Top of the 5th over - 0 run(s), 0 hit(s), 0 error(s), 1 left on base; Washington 0 - Washington State 1
BOTTOM OF THE 5TH
Washington State Cougars batting - Pitching for Washington Huskies : RHP Dave Woods
Batting: RHB Nick Bailey 0-0: Ball
1-0: Foul Ball, location: 2F
1-1: Foul Ball, location: 2F
1-2: Ball
2-2: Strikes out looking
Batting: RHB Montego Martínez 0-0: Ball
1-0: Reached on error, E4 (Groundball, 4)
Batting: RHB Ismael Rodríguez 0-0: Ball
1-0: SINGLE (Groundball, 4MD)
Montego Martínez to second
Runner from 2nd tries for 3rd, SAFE, no throw
Batting: LHB Conan Bush 0-0: Called Strike
0-1: Ball
1-1: 3-RUN HOME RUN (Flyball, 89XD), Distance : 375 ft
Batting: RHB Jesús Domínguez 0-0: Foul Ball, location: 2F
0-1: Ball
1-1: Ball
2-1: Called Strike
2-2: Strikes out looking
Batting: LHB Andrew Lockhart 0-0: Foul Ball, location: 2F
0-1: Foul Ball, location: 2F
0-2: Ball
1-2: Ball
2-2: Fly out, F7 (Flyball, 7S)
Bottom of the 5th over - 3 run(s), 2 hit(s), 1 error(s), 0 left on base; Washington 0 - Washington State 4
TOP OF THE 6TH
Washington Huskies batting - Pitching for Washington State Cougars : LHP Andy O'Toole
Batting: RHB Ben Johnson 0-0: Ball
1-0: Foul Ball, location: 2F
1-1: Ball
2-1: Foul Ball, location: 2F
2-2: Strikes out looking
Pitching: RHP Allan Dotson
Batting: RHB Carlos Sousa 0-0: Ball
1-0: Foul Ball, location: 2F
1-1: Ball
2-1: Fly out, F9 (Flyball, 9S)
Batting: RHB Jack Dean 0-0: Ball
1-0: Ball
2-0: Called Strike
2-1: Fly out, F7 (Flyball, 7)
Top of the 6th over - 0 run(s), 0 hit(s), 0 error(s), 0 left on base; Washington 0 - Washington State 4
BOTTOM OF THE 6TH
Washington State Cougars batting - Pitching for Washington Huskies : RHP Dave Woods
Pitching: RHP António Corrigan
Batting: RHB John Hall 0-0: DOUBLE (Line Drive, 7LM)
Batting: RHB Juan Flores 0-0: Called Strike
0-1: Called Strike
0-2: Ball
1-2: SINGLE (Flyball, 89S)
John Hall to third
Batting: SHB Hunter Bond 0-0: Ball
1-0: Foul Ball, location: 2F
1-1: Fly out, F4 (Popup, 3D)
Batting: RHB Nick Bailey 0-0: Called Strike
0-1: Ball
1-1: Foul Ball, location: 2F
1-2: Foul Ball, location: 2F
1-2: Ball
2-2: Ball
3-2: SINGLE (Flyball, 56D)
John Hall scores
Juan Flores to second
Batting: RHB Montego Martínez 0-0: Fly out, F9 (Flyball, 9)
Batting: RHB Ismael Rodríguez 0-0: Ball
1-0: Ball
2-0: Called Strike
2-1: Foul Ball, location: 2F
2-2: Foul Ball, location: 2F
2-2: Foul Ball, location: 2F
2-2: SINGLE (Line Drive, 89S)
Juan Flores to third
Nick Bailey to second
Runner from 3rd tries for Home, SAFE, throw made home
Batting: LHB Conan Bush 0-0: Ball
1-0: Ball
2-0: Called Strike
2-1: Foul Ball, location: 2F
2-2: Strikes out swinging
Bottom of the 6th over - 2 run(s), 4 hit(s), 0 error(s), 2 left on base; Washington 0 - Washington State 6
TOP OF THE 7TH
Washington Huskies batting - Pitching for Washington State Cougars : RHP Allan Dotson
Batting: SHB José Ruíz 0-0: Ball
1-0: Swinging Strike
1-1: Called Strike
1-2: Foul Ball, location: 2F
1-2: Strikes out swinging
Batting: RHB Samuel Robbins 0-0: Called Strike
0-1: Ball
1-1: Foul Ball, location: 2F
1-2: Strikes out looking
Batting: RHB Jeff Shephard 0-0: Called Strike
0-1: Ball
1-1: Ball
2-1: Called Strike
2-2: Foul Ball, location: 2F
2-2: SINGLE (Line Drive, 89S)
Batting: RHB Erik Carbajal 0-0: Ball
1-0: Swinging Strike
1-1: Called Strike
1-2: Foul Ball, location: 2F
1-2: Fielders Choice at 2nd, 6-4 (Groundball, 6)
Top of the 7th over - 0 run(s), 1 hit(s), 0 error(s), 0 left on base; Washington 0 - Washington State 6
BOTTOM OF THE 7TH
Washington State Cougars batting - Pitching for Washington Huskies : RHP António Corrigan
Batting: RHB Jesús Domínguez 0-0: Called Strike
0-1: Ball
1-1: Foul Ball, location: 2F
1-2: Ball
2-2: Fly out, F4 (Popup, 4S)
Batting: LHB Andrew Lockhart 0-0: Ball
1-0: Fly out, F8 (Flyball, 8LD)
Batting: RHB John Hall 0-0: Ball
1-0: Ball
2-0: Ball
3-0: Base on Balls
Batting: RHB Juan Flores 0-0: Called Strike
0-1: Ball
1-1: Hit by Pitch
John Hall to second
Batting: SHB Hunter Bond 0-0: Foul Ball, location: 2F
0-1: Foul Ball, location: 2F
0-2: Ball
1-2: Reached on error, E9 (Flyball, 9)
John Hall scores
Juan Flores to third
Batting: RHB Nick Bailey 0-0: Called Strike
0-1: Ball
1-1: Fly out, F8 (Line Drive, 8LM)
Bottom of the 7th over - 1 run(s), 0 hit(s), 1 error(s), 2 left on base; Washington 0 - Washington State 7
TOP OF THE 8TH
Washington Huskies batting - Pitching for Washington State Cougars : RHP Allan Dotson
Batting: RHB Tomás Fernández 0-0: Foul Ball, location: 2F
0-1: Fly out, F8 (Flyball, 8LM)
Batting: RHB Jeff O'Toole 0-0: Ball
1-0: Swinging Strike
1-1: Swinging Strike
1-2: Strikes out looking
Batting: RHB Ben Johnson 0-0: Ground out 5-3 (Groundball, 56S)
Top of the 8th over - 0 run(s), 0 hit(s), 0 error(s), 0 left on base; Washington 0 - Washington State 7
BOTTOM OF THE 8TH
Washington State Cougars batting - Pitching for Washington Huskies : RHP António Corrigan
Pitching: RHP John Calhoun
Batting: RHB Montego Martínez 0-0: Swinging Strike
0-1: Ball
1-1: Called Strike
1-2: Strikes out swinging
Batting: RHB Ismael Rodríguez 0-0: Foul Ball, location: 2F
0-1: Foul Ball, location: 2F
0-2: Ball
1-2: Foul Ball, location: 2F
1-2: Ball
2-2: SOLO HOME RUN (Flyball, 7LD), Distance : 337 ft
Batting: LHB Conan Bush 0-0: Foul Ball, location: 2F
0-1: Foul Ball, location: 2F
0-2: Ball
1-2: Foul Ball, location: 2F
1-2: Foul Ball, location: 2F
1-2: Foul Ball, location: 2F
1-2: Ground out U3 (Groundball, 3)
Batting: RHB Jesús Domínguez 0-0: Ball
1-0: Foul Ball, location: 2F
1-1: SINGLE (Groundball, 4M) (infield hit)
Batting: LHB Andrew Lockhart 0-0: Called Strike
0-1: Swinging Strike
0-2: Ball
Jesús Domínguez is caught stealing 2nd base
Bottom of the 8th over - 1 run(s), 2 hit(s), 0 error(s), 0 left on base; Washington 0 - Washington State 8
TOP OF THE 9TH
Washington Huskies batting - Pitching for Washington State Cougars : RHP Allan Dotson
Batting: RHB Carlos Sousa 0-0: Swinging Strike
0-1: Foul Ball, location: 2F
0-2: Foul Ball, location: 2F
0-2: Foul Ball, location: 2F
0-2: Strikes out swinging
Batting: RHB Jack Dean 0-0: Ball
1-0: Called Strike
1-1: Foul Ball, location: 2F
1-2: Ball
2-2: Ball
3-2: Base on Balls
Pitching: RHP Mark Turner
Batting: SHB José Ruíz 0-0: Ball
1-0: Fly out, F9 (Flyball, 9S)
Batting: RHB Samuel Robbins 0-0: Foul Ball, location: 2F
0-1: Ball
1-1: Swinging Strike
1-2: Ground out 6-3 (Groundball, 6)
Top of the 9th over - 0 run(s), 0 hit(s), 0 error(s), 1 left on base; Washington 0 - Washington State 8
Thursday, March 30th, 2017 - OOTP Baseball 17.12 Build 75